 Dungeon Crawl Stone Soup version 0.30-a0-883-g5ad918d77d (webtiles) character file.

Game seed: 12239927823130779846

869 hikkokomori the Ducker (level 8, -5/62 HPs)
             Began as a Merfolk Gladiator on Mar 17, 2023.
             Succumbed to a hornet's poison
             ... on level 5 of the Dungeon.
             The game lasted 00:06:35 (4567 turns).

hikkokomori the Ducker (Merfolk Gladiator)          Turns: 4567, Time: 00:06:36

Health: -5/62      AC:  0    Str: 14    XL:     8   Next: 3%
Magic:  8/8        EV: 18    Int:  8    God:
Gold:   231        SH:  0    Dex: 17    Spells: 7/7 levels left

rFire   . . .      SeeInvis .    a - melded +1 long sword
rCold   . . .      Faith    .    (shield currently unavailable)
rNeg    . . .      Spirit   .    f - melded +4 scale mail "Plog" {rN+ Will- Str+3}
rPois   .          Reflect  .    c - melded +0 helmet
rElec   .          Rampage  .    (cloak currently unavailable)
rCorr   .                        o - melded +1 pair of gloves
Will    .....                    (boots currently unavailable)
Stlth   +++                      (no amulet)
HPRegen 0.30/turn                j - melded ring of willpower
MPRegen 0.11/turn                u - melded +6 ring of strength

@: mighty, lethally poisoned (-5 -> -29), pig-form, slowed
A: fast, no casting, small, (nimble swimmer 2), (mertail)
a: no special abilities


You were on level 5 of the Dungeon.
You were a filthy swine.
You visited 2 branches of the dungeon, and saw 6 of its levels.
You also visited: Sewer.

You collected 231 gold pieces.

Inventory:

Hand Weapons
 a - a +1 long sword (melded)
Missiles
 d - 3 throwing nets (quivered)
 e - a javelin
 v - 5 poisoned darts
 A - 3 atropa-tipped darts
Armour
 b - a +0 leather armour
 c - a +0 helmet (melded)
 f - the +4 scale mail "Plog" (melded) {rN+ Will- Str+3}
   (You found it on level 4 of the Dungeon)

   Str:       It affects your strength (+3).
   rN:        It protects you from negative energy.
   Will:      It decreases your willpower.
 k - a +0 hat
 o - a +1 pair of gloves (melded)
 s - a +0 troll leather armour {Pargi}
Jewellery
 j - a ring of willpower (melded)
 u - a +6 ring of strength (melded)
Wands
 n - a wand of polymorph (7)
Scrolls
 i - 4 scrolls of teleportation
 m - a scroll of enchant weapon
 p - a scroll of noise {unknown}
 t - 2 scrolls of butterflies {unknown}
 x - 2 scrolls of brand weapon {unknown}
 y - a scroll of immolation {unknown}
 C - a scroll of amnesia {unknown}
Potions
 g - a potion of might
 l - 2 potions of resistance {unknown}
 q - 2 potions of invisibility {unknown}
 w - a potion of ambrosia {unknown}
 z - a potion of mutation {unknown}
 B - a potion of flight {unknown}


   Skills:
 + Level 5.2 Fighting
 + Level 6.3 Long Blades
 - Level 2.4 Throwing
 + Level 7.0 Dodging
 + Level 4.7 Stealth


You had 7 spell levels left.
You didn't know any spells.
Your spell library contained the following spells:

 Spells                   Type           Power      Damage    Failure   Level
 Apportation              Tloc           0%         N/A       41%         1
 Necrotise                Necr           0%         1d4       41%         1
 Slow                     Hex            0%         N/A       41%         1
 Summon Small Mammal      Summ           0%         N/A       41%         1
 Call Canine Familiar     Summ           0%         N/A       78%         3
 Confusing Touch          Hex            0%         N/A       78%         3
 Summon Guardian Golem    Hex/Summ       0%         N/A       78%         3
 Vampiric Draining        Necr           0%         2d6       78%         3


Dungeon Overview and Level Annotations

Branches:
Dungeon (5/15)             Temple (1/1) D:4           Sewer (visited)

Altars:
Ashenzari
Cheibriados
Dithmenos
Elyvilon
Fedhas
Gozag
Hepliaklqana
Kikubaaqudgha
Makhleb
Okawaru
Qazlal
Sif Muna
Trog
Uskayaw
Vehumet
Xom
Yredelemnul
Zin


Innate Abilities, Weirdness & Mutations

You are a filthy swine.
You move quickly.
Your equipment is almost entirely melded.
You are incapable of wielding weapons or throwing items.
You cannot cast spells.
((You are very nimble when in or above water. (Stealth+, EV+, Speed+++)))
((Your lower body shifts to a powerful aquatic tail in water.))


Message History

You suddenly lose the ability to move!
You can move again.
You feel much better. The hornet barely misses you.
The hornet closely misses you. The hornet stings you.
You are poisoned.
You feel as though you will be slow longer.
You feel very mighty all of a sudden.
You feel very sick. The hornet barely misses you. The hornet stings you!
You are more poisoned.
You feel as though you will be slow longer.
You hit the hornet.
The hornet is heavily wounded.
* * * LOW HITPOINT WARNING * * *
You feel very sick. The hornet stings you.
* * * LOW HITPOINT WARNING * * *
You are lethally poisoned!
You feel as though you will be slow longer.
The hornet stings you!
* * * LOW HITPOINT WARNING * * *
You feel as though you will be slow longer.
Unknown command.
Okay, then.
Okay, then.
Okay, then.
Okay, then.
Okay, then.
Aiming: Polymorph
Press: ? - help, Shift-Dir - straight line, f - you That beam is likely to hit you.
Continue anyway?
You turn into a filthy swine.
Your +1 long sword melds into your body.
Your +0 helmet melds into your body.
Your +1 pair of gloves melds into your body.
The +4 scale mail "Plog" {rN+ Will- Str+3} melds into your body.
Your ring of willpower melds into your body.
Your +6 ring of strength melds into your body.
You feel weaker.
You die...

##### ####...##
##.......############
##....................
#..≈≈.≈≈.†############
###...≈.≈..§......
#...≈.yh..≈.######
#.#.≈§...≈≈§....
#...._.........
#.≈≈...§≈...... ####
#.≈.....≈...... ....
..[..≈.≈..!..... ....
...#######..≈≈.≈≈.......
##
.......§....$.....+....
+ .#.#########... #


You could see a hornet.

Vanquished Creatures
  Sigmund (D:2)
  A water moccasin (D:4)
  Pargi (Sewer)
  A scorpion (D:5)
  A jelly (D:4)
  3 hounds
  2 orc priests (D:5)
  A gnoll bouda (D:4)
  6 gnolls
  7 adders
  2 worms (D:2)
  3 dart slugs
  3 orcs
  4 endoplasms
  9 giant cockroaches
  11 hobgoblins
  11 jackals
  9 kobolds
  9 quokkas
  6 ball pythons
  8 bats
  4 frilled lizards
  6 goblins
  3 rats
112 creatures vanquished.

Notes
Turn   | Place    | Note
-------+----------+-------------------------------------------
     0 | D:1      | hikkokomori the Merfolk Gladiator began the quest for the
                  | Orb.
     0 | D:1      | Reached XP level 1. HP: 16/16 MP: 1/1
   135 | D:1      | Reached XP level 2. HP: 23/23 MP: 2/2
   907 | D:2      | Reached XP level 3. HP: 28/28 MP: 3/3
  1290 | D:2      | Reached skill level 1 in Stealth
  1338 | D:2      | Reached XP level 4. HP: 33/35 MP: 4/4
  1416 | D:2      | Noticed Sigmund
  1434 | D:2      | Killed Sigmund
  1435 | D:2      | Reached skill level 5 in Long Blades
  1435 | D:2      | Reached skill level 5 in Dodging
  1435 | D:2      | Reached XP level 5. HP: 21/42 MP: 5/5
  1435 | D:2      | Reached XP level 6. HP: 24/48 MP: 6/6
  1883 | D:3      | Found a blossoming altar of Fedhas.
  2070 | D:3      | Found a broken altar of Ashenzari.
  2155 | D:3      | Found a stormy altar of Qazlal.
  2760 | D:4      | Found a staircase to the Ecumenical Temple.
  2769 | Temple   | Entered the Ecumenical Temple
  3071 | D:4      | Reached skill level 6 in Dodging
  3280 | D:4      | Reached XP level 7. HP: 34/55 MP: 7/7
  3556 | D:4      | Identified the +4 scale mail "Plog" {rN+ Will- Str+3}
  4035 | D:5      | Entered Level 5 of the Dungeon
  4191 | D:5      | Found a glowing drain.
  4236 | Sewer    | Entered a sewer
  4251 | Sewer    | Noticed Pargi
  4266 | Sewer    | Killed Pargi
  4267 | Sewer    | Reached skill level 5 in Fighting
  4452 | D:5      | Reached skill level 7 in Dodging
  4452 | D:5      | Reached XP level 8. HP: 55/62 MP: 8/8
  4538 | D:5      | Found an iron altar of Okawaru.
  4542 | D:5      | Noticed a hornet
  4549 | D:5      | Paralysed by a hornet for 1 turns
  4553 | D:5      | Paralysed by a hornet for 2 turns
  4556 | D:5      | Paralysed by a hornet for 3 turns
  4563 | D:5      | HP: 3/62 [hornet (11)]
  4563 | D:5      | Paralysed by a hornet for 1 turns
  4567 | D:5      | Succumbed to a hornet's poison

Illustrated notes

Levels and vault maps discovered:
D:1:      dpeg_arrival_three_same_balls, layout_basic
D:2:      layout_basic, uniq_sigmund
D:3:      layout_basic, mainiacjoe_overflow_surrounded_room,
          nicolae_overflow_hidden_temple
D:4:      layout_loops_corners, minmay_temple_entry_junction_2
D:5:      layout_basic, lemuel_doored_altar,
          mainiacjoe_overflow_small_starburst, portal_sewer_entry_f,
          uniq_duvessa
Temple:   eino_temple_water

Skill      XL: |  1  2  3  4  5  6  7 |
---------------+----------------------+-----
Long Blades    | 4 5 6 |  6.3
Stealth        | 1 2 3 4 |  4.7
Fighting       | 3 4 5 |  5.2
Dodging        | 5 6 7 |  7.0
Throwing       | |  2.4

Action                     |  1- 3 |  4- 6 |  7- 9 || total
---------------------------+-------+-------+-------++-------
  Melee: Long sword        |   106 |   136 |   118 ||   360
         Punch             |       |     2 |     3 ||     5
  Evoke: Wand              |       |       |     1 ||     1
    Use: Scroll            |       |       |     6 ||     6
         Potion            |       |       |     6 ||     6
   Stab: Sleeping          |     2 |     7 |     7 ||    16
         Distracted        |       |     1 |       ||     1
 Armour: Leather armour    |    19 |    20 |     6 ||    45
         Scale mail        |       |       |    56 ||    56
  Dodge: Dodged            |    88 |   114 |    91 ||   293

Table legend: (Time is in decaauts)
 A = Elapsed time spent in this place.
 B = Non-inter-level travel time spent in this place.
 C = Inter-level travel time spent in this place.
 D = Time resting spent in this place.
 E = Time spent auto-exploring this place.
 F = Levels seen in this place.
 G = Mean time per level.
                   A        B        C        D        E       F      G
               +--------+--------+--------+--------+--------+-----+--------+
         Total |   4556 |   4445 |    111 |      0 |   3375 |   7 |  650.9 |
       Dungeon |   4173 |   4083 |     90 |      0 |   3182 |   5 |  834.6 |
        Temple |    219 |    198 |     21 |      0 |    184 |   1 |  219.0 |
         Sewer |    163 |    163 |      0 |      0 |      8 |   1 |  163.0 |
               +--------+--------+--------+--------+--------+-----+--------+

Top non-repeatable levels by time:
     D:4: 1181 daAuts
     D:2: 992 daAuts
     D:1: 852 daAuts
     D:3: 773 daAuts
     D:5: 373 daAuts
  Temple: 219 daAuts
   Sewer: 163 daAuts
